 Dungeon Crawl Stone Soup version 0.27.0-1-g7a089689b8 (webtiles) character file.

Game seed: 872381824541275982

21 dolemite99 the Chopper (level 2, -4/26 HPs)
             Began as a Hill Orc Fighter on July 31, 2021.
             Slain by a gnoll (8 damage)
             ... on level 2 of the Dungeon.
             The game lasted 00:01:06 (794 turns).

dolemite99 the Chopper (Hill Orc Fighter)            Turns: 794, Time: 00:01:07

Health: -4/26      AC:  9    Str: 18    XL:     2   Next: 83%
Magic:  2/2        EV:  7    Int:  8    God:
Gold:   15         SH:  0    Dex: 10    Spells: 1/1 levels left

rFire    . . .     SeeInvis .   b - +1 broad axe (elec)
rCold    . . .     Faith    .   (no shield)
rNeg     . . .     Spirit   .   m - +0 chain mail
rPois    +         Reflect  .   (no helmet)
rElec    .         Harm     .   (no cloak)
rCorr    .         Rampage  .   (no gloves)
Will     .....                  (no boots)
Stlth    ..........             (no amulet)
HPRegen  0.08/turn              k - ring of poison resistance
MPRegen  0.08/turn              (no ring)

@: no status effects
A: no striking features
a: no special abilities


You were on level 2 of the Dungeon.
You visited 1 branch of the dungeon, and saw 2 of its levels.

You collected 15 gold pieces.

Inventory:

Hand Weapons
 a - a +0 war axe
 b - a +1 broad axe of electrocution (weapon)
Missiles
 h - 27 sling bullets
 j - 16 arrows
 l - 13 bolts
Armour
 c - a +0 kite shield
 m - a +0 chain mail (worn)
 o - a +0 scale mail
Magical Staves
 f - a staff of poison
Jewellery
 k - a ring of poison resistance (left hand)
Wands
 r - a wand of acid (7)
Scrolls
 i - a scroll of fog {unknown}
 n - a scroll of silence {unknown}
 p - a scroll of amnesia {unknown}
Potions
 d - a potion of might
 e - 2 potions of cancellation {unknown}
 g - 2 potions of haste {unknown}
 q - a potion of degeneration {unknown}


   Skills:
 - Level 3.6 Fighting
 + Level 4.4 Axes
 - Level 3.2 Armour
 - Level 3.2 Shields


You had one spell level left.
You didn't know any spells.
Your spell library was empty.

Dungeon Overview and Level Annotations

Branches:
Dungeon (2/15)

Altars:


Message History

You climb downwards.
A kobold comes into view. It is wielding a +0 whip.
The kobold shouts!
There is a stone staircase leading up here.
A kobold is nearby!
The kobold hits you with a +0 whip.
You closely miss the kobold. The kobold hits you with a +0 whip.
The kobold barely misses you.
You closely miss the kobold. The kobold hits you with a +0 whip.
You hit the kobold but do no damage. Lightning courses through the kobold!
You kill the kobold!
No target in view!
You see here a +0 whip.
No target in view!
You start resting.
HP restored.
Found a stone staircase leading up.
Key pressed, stopping explore.
No target in view!
Found a stone staircase leading down.
No target in view!
No target in view!
There is a stone staircase leading up here.
There is a stone staircase leading down here.
Found a stone staircase leading down.
No target in view!
r - a wand of acid (7)
A gnoll comes into view. It is wielding a +0 halberd.
The gnoll shouts!
The gnoll hits you from afar with a +0 halberd.
The gnoll hits you with a +0 halberd!
You closely miss the gnoll. The gnoll hits you with a +0 halberd.
You barely miss the gnoll. The gnoll barely misses you.
A gnoll comes into view. It is wielding a +0 spear.
The gnoll hits you with a +0 halberd!
* * * LOW HITPOINT WARNING * * *
You closely miss the gnoll.
The gnoll shouts!
You hear a shout!
The gnoll hits you with a +0 halberd!
You die...

# #.# # #.# # #.# #
##.## # #...# #
#...# # #####...## #
.........# #
#######@.# ## #
..######g.# ..
.........g#####.#
..######........####
#..#....g....
#>.#.######## #..#.#
#..#.# #..#.#


You could see 2 gnolls.

Vanquished Creatures
  A ball python (D:1)
  2 bats (D:1)
  An endoplasm (D:1)
  3 goblins (D:1)
  A hobgoblin (D:1)
  3 jackals (D:1)
  2 kobolds
  2 quokkas (D:1)
  A frilled lizard (D:1)
  A rat (D:1)
17 creatures vanquished.

Notes
Turn   | Place    | Note
-------+----------+-------------------------------------------
     0 | D:1      | dolemite99 the Hill Orc Fighter began the quest for the
                  | Orb.
     0 | D:1      | Reached XP level 1. HP: 19/19 MP: 1/1
    30 | D:1      | Reached skill level 3 in Axes
   102 | D:1      | Reached XP level 2. HP: 26/26 MP: 2/2
   167 | D:1      | Reached skill level 4 in Axes
   794 | D:2      | Slain by a gnoll

Illustrated notes

Levels and vault maps discovered:
D:1:      dpeg_arrival_fog, layout_rooms, chequers_jeans
D:2:      layout_loops_ring, uniq_sigmund

Skill      XL: |  1  2 |
---------------+-------+-----
Axes           | 3 4 |  4.4
Fighting       | |  3.6
Armour         | |  3.2
Shields        | |  3.2

Action                   || total
-------------------------++-------
Melee: War axe           ||    39
       Broad axe         ||    11
Armor: Scale mail        ||    16
       Chain mail        ||     7
Dodge: Dodged            ||    19
Block: Kite shield       ||    19
